 Dungeon Crawl Stone Soup version 0.28-a0-1510-gd0f6b136d3 (webtiles) character file.

Game seed: 17928754058131103475

245 Sabo the Digger (level 6, -1/46 HPs)
             Began as a Ghoul Earth Elementalist on Jan 14, 2022.
             Was an Initiate of Yredelemnul.
             Slain by an adder (4 damage)
             ... on level 3 of the Dungeon on Jan 15, 2022.
             The game lasted 00:24:23 (4125 turns).

Sabo the Digger (Ghoul Earth Elementalist)          Turns: 4125, Time: 00:24:23

Health: -1/46      AC:  3    Str: 12    XL:     6   Next: 10%
Magic:  7/9        EV: 12    Int: 12    God:    Yredelemnul [......]
Gold:   68         SH:  0    Dex:  9    Spells: 10/11 levels left

rFire   . . .      SeeInvis .   e - staff of poison
rCold   + . .      Faith    .   (no shield)
rNeg    + + +      Spirit   .   b - +0 robe
rPois   ∞          Reflect  .   t - +0 helmet
rElec   .          Harm     .   (no cloak)
rCorr   .          Rampage  .   (no gloves)
Will    .....                   (no boots)
Stlth   ++........              (no amulet)
HPRegen 0.00/turn               (no ring)
MPRegen 0.11/turn               (no ring)

@: inhibited regen
A: claws 1, cold resistance 1, negative energy resistance 3, inhibited
regeneration, torment resistance 2
a: Renounce Religion, Recall Undead Harvest


You were on level 3 of the Dungeon.
You worshipped Yredelemnul.
Yredelemnul was noncommittal.
You visited 1 branch of the dungeon, and saw 3 of its levels.

You collected 68 gold pieces.

Inventory:

Hand Weapons
 j - a +0 hand axe
 l - a +0 hunting sling
Missiles
 a - 53 arrows
 c - 4 stones
 f - 5 poisoned darts
 h - 6 javelins
 m - 28 bolts
 u - 19 sling bullets
Armour
 b - a +0 robe (worn)
 t - a +0 helmet (worn)
Magical Staves
 e - a staff of poison (weapon)
Wands
 n - a wand of mindburst (5)
Scrolls
 q - a scroll of amnesia {unknown}
Potions
 d - 2 potions of resistance
 g - a potion of curing {unknown}
 i - a potion of heal wounds {unknown}
 k - a potion of lignification {unknown}
 o - a potion of degeneration {unknown}
 p - a potion of might
 r - a potion of attraction {unknown}
 s - a potion of berserk rage {unknown}


   Skills:
 + Level 0.6 Fighting
 + Level 0.3 Staves
 + Level 2.4 Dodging
 + Level 2.5 Stealth
 + Level 3.2 Spellcasting
 + Level 0.8 Transmutations
 + Level 5.6 Earth Magic


You had 10 spell levels left.
You knew the following spells:

 Your Spells              Type           Power      Damage    Failure   Level
a - Sandblast             Erth           30%        2d9       2%          1

Your spell library contained the following spells:

 Spells                   Type           Power      Damage    Failure   Level
 Passwall                 Tmut/Erth      7%         N/A       10%         2
 Stone Arrow              Conj/Erth      16%        3d8       22%         3
 Petrify                  Tmut/Erth      9%         N/A       54%         4


Dungeon Overview and Level Annotations

Branches:
Dungeon (3/15)

Altars:
Ashenzari
Makhleb
Ru
Trog
Yredelemnul
The Shining One

Annotations:
D:3 Sigmund


Innate Abilities, Weirdness & Mutations

You thrive by killing the living.
You are immune to poison.
You have sharp fingernails.
Your flesh is cold resistant. (rC+)
You are immune to negative energy. (rN+++)
You do not regenerate when monsters are visible.
You are immune to unholy pain and torment.


Message History

Found an escape hatch in the ceiling.
The adder completely misses you.
Sigmund hits you from afar with a +1 scythe of freezing.
Your orc zombie barely misses Sigmund.
Found 10 gold pieces.
You feel less confused.
Your orc zombie hits Sigmund but does no damage.
Sigmund zaps a wand.
The puff of flame hits you. The adder bites you.
Casting: Sandblast (safe; 2% risk of failure)
Confirm with . or Enter, or press ? or * to list all spells.
Aiming: Sandblast (safe; 2% risk of failure)
Press: ? - help, Shift-Dir - straight line, f - adder
Aim: an adder (66% to hit)
The blast of sand misses the adder.
Your orc zombie hits Sigmund.
Your orc zombie misses Sigmund.
The adder bites you.
* * * LOW HITPOINT WARNING * * *
Casting: Sandblast (safe; 2% risk of failure)
Confirm with . or Enter, or press ? or * to list all spells.
Aiming: Sandblast (safe; 2% risk of failure)
Press: ? - help, Shift-Dir - straight line, f/p - adder
Aim: an adder (66% to hit)
The blast of sand hits the adder.
The adder is heavily wounded.
The adder barely misses you.
Your orc zombie hits Sigmund but does no damage.
Sigmund casts a spell.
Sigmund flickers and vanishes!
Deactivating autopickup; reactivate with Ctrl-A.
You hit the adder but do no damage.
The adder is heavily wounded.
The adder bites you but does no damage. Something hits you!
* * * LOW HITPOINT WARNING * * *
Something freezes you.
* * * LOW HITPOINT WARNING * * *
Your orc zombie barely misses something.
The adder closely misses you.
You completely miss the adder.
The adder is heavily wounded.
The adder bites you.
You die...
Yredelemnul claims you as an undead slave.

.# .# # ### ## ##.
#. .>... ...
#.##.#.### #.#
#...<$...# #.#
#..###.#######.####
#.@SZ..............
#...{Z.....###...#.
#####.####.# ###.#.
#.# #.# ..#. #.#
..# #..## #.. ..#
#..# ### #... ....
..## .###


You could see an adder (ally target) and 2 friendly orc zombies.

Vanquished Creatures
  Jessica (D:3)
  Terence (D:2)
  Natasha (twice) (D:2)
  2 adders (D:2)
  5 orcs (D:3)
  8 endoplasms
  3 giant cockroaches
  8 goblins
  3 hobgoblins
  3 jackals (D:2)
  A quokka (D:2)
  2 ball pythons
  9 bats
  2 frilled lizards
  A kobold (D:2)
  3 rats
54 creatures vanquished.

Vanquished Creatures (collateral kills)
  A jelly (D:3)
  Natasha (D:2)
  An adder (D:3)
  A worm (D:2)
  A quokka (D:2)
  A ball python (D:3)
  A rat (D:2)
7 creatures vanquished.

Vanquished Creatures (others)
  An adder zombie (D:2)
  3 bat zombies (D:2)
  A ball python zombie (D:2)
  A frilled lizard zombie (D:3)
  A hobgoblin zombie (D:2)
  A human zombie (D:3)
  2 orc zombies (D:3)
  2 spectral endoplasms (D:2)
12 creatures vanquished.

Grand Total: 73 creatures vanquished

Notes
Turn   | Place    | Note
-------+----------+-------------------------------------------
     0 | D:1      | Sabo the Ghoul Earth Elementalist began the quest for the
                  | Orb.
     0 | D:1      | Reached XP level 1. HP: 14/14 MP: 2/2
   288 | D:1      | Reached XP level 2. HP: 18/20 MP: 3/3
   500 | D:1      | Reached skill level 4 in Earth Magic
  1033 | D:2      | Reached XP level 3. HP: 23/26 MP: 0/5
  1120 | D:2      | Found a faded altar of an unknown god.
  1129 | D:2      | Prayed at the altar of an unknown god.
  1129 | D:2      | Became a worshipper of Yredelemnul the Dark
  1129 | D:2      | Reached * piety under Yredelemnul
  1644 | D:2      | Reached ** piety under Yredelemnul
  1699 | D:2      | Noticed Natasha
  1712 | D:2      | Killed Natasha
  1713 | D:2      | Reached XP level 4. HP: 33/33 MP: 4/6
  2198 | D:2      | Noticed Natasha
  2207 | D:2      | Killed Natasha
  2275 | D:2      | Reached *** piety under Yredelemnul
  2290 | D:2      | Noticed Terence
  2305 | D:2      | Killed Terence
  2306 | D:2      | Reached XP level 5. HP: 32/39 MP: 1/8
  2613 | D:2      | Noticed Natasha
  2622 | D:2      | Killed Natasha
  2623 | D:2      | Reached skill level 5 in Earth Magic
  3475 | D:3      | Found a broken altar of Ashenzari.
  3486 | D:3      | Found a sacrificial altar of Ru.
  3510 | D:3      | Found a burning altar of Makhleb.
  3514 | D:3      | Found a bloodstained altar of Trog.
  3841 | D:3      | Noticed Jessica
  3846 | D:3      | Killed Jessica
  3989 | D:3      | Reached XP level 6. HP: 46/46 MP: 7/9
  4113 | D:3      | Noticed Sigmund
  4116 | D:3      | Your ally Jessica died
  4125 | D:3      | Slain by an adder

Illustrated notes

Levels and vault maps discovered:
D:1:      mrwooster_arrival_statue_2, layout_basic
D:2:      layout_basic, shapermc_ecumenical_altar_totnotflames, uniq_terence,
          uniq_natasha
D:3:      layout_basic, nicolae_overflow_hidden_temple,
          minmay_overflow_temple_star_hex, uniq_jessica, uniq_sigmund,
          uniq_pargi

Skill      XL: |  1  2  3  4  5 |
---------------+----------------+-----
Earth Magic    | 4 5 |  5.6
Spellcasting   | 2 3 |  3.2
Dodging        | 2 |  2.4
Fighting       | |  0.6
Staves         | |  0.3
Stealth        | |  2.5
Transmutations | |  0.8

Action                   |  1- 3 |  4- 6 || total
-------------------------+-------+-------++-------
Melee: Staff             |    55 |    40 ||    95
 Cast: Sandblast         |    42 |    41 ||    83
Invok: Recall Undead Har |       |     1 ||     1
  Use: Potion            |       |     1 ||     1
Armor: Robe              |    12 |    10 ||    22
Dodge: Dodged            |    48 |    49 ||    97

Table legend: (Time is in decaauts)
 A = Elapsed time spent in this place.
 B = Non-inter-level travel time spent in this place.
 C = Inter-level travel time spent in this place.
 D = Time resting spent in this place.
 E = Time spent auto-exploring this place.
 F = Levels seen in this place.
 G = Mean time per level.
                   A        B        C        D        E       F      G
               +--------+--------+--------+--------+--------+-----+--------+
         Total |   4142 |   4142 |      0 |   1572 |      0 |   3 | 1380.7 |
       Dungeon |   4142 |   4142 |      0 |   1572 |      0 |   3 | 1380.7 |
               +--------+--------+--------+--------+--------+-----+--------+

Top non-repeatable levels by time:
     D:2: 2526 daAuts
     D:1: 919 daAuts
     D:3: 697 daAuts
